 Dungeon Crawl Stone Soup version 0.18-a0-1788-g92de1ac (webtiles) character file.

44 Murumi the Shield-Bearer (level 3, -2/29 HPs)
             Began as a Formicid Fighter on Apr 20, 2016.
             Slain by a gnoll
             ... wielding a +3 whip of distortion
              (4 damage)
             ... on level 2 of the Dungeon.
             The game lasted 00:03:10 (1270 turns).

Murumi the Shield-Bearer (Formicid Fighter)         Turns: 1270, Time: 00:03:13

Health: -2/29      AC:  6    Str: 21    XL:     3   Next: 87%
Magic:  0/3        EV:  8    Int:  7    God:
Gold:   27         SH:  9    Dex: 10    Spells: 0 memorised, 2 levels left

rFire  . . .     SeeInvis +     a - +0 long sword
rCold  . . .     Gourm    .     b - +0 scale mail
rNeg   . . .     Faith    .     c - +0 shield
rPois  .         Spirit   +     (helmet unavailable)
rElec  .         Dismiss  .     (no cloak)
rCorr  .         Reflect  .     (no gloves)
SustAt .         Harm     .     (no boots)
MR     .....                    e - amulet of guardian spirit
Stlth  ..........               (no ring)
                                (no ring)

@: not resistant to hostile enchantments, extremely unstealthy
A: permanent stasis, dig shafts and tunnels, four strong arms, antennae 3
a: Dig, Shaft Self


You were on level 2 of the Dungeon.
You were not hungry.

You visited 1 branch of the dungeon, and saw 2 of its levels.

You collected 27 gold pieces.

Inventory:

Hand Weapons
 a - a +0 long sword (weapon)
Missiles
 i - 16 bolts
Armour
 b - a +0 scale mail (worn)
 c - a +0 shield (worn)
 l - a +0 pair of gloves
Jewellery
 e - an amulet of guardian spirit (around neck)
Scrolls
 j - 3 scrolls of identify
Potions
 d - a potion of might
 h - a potion of cure mutation
 k - 2 potions of agility
Comestibles
 f - a bread ration
 g - a chunk of flesh


   Skills:
 - Level 3.2 Fighting
 + Level 3.5 Long Blades
 - Level 3.2 Armour
 - Level 4.1 Shields


You had 2 spell levels left.
You didn't know any spells.

Dungeon Overview and Level Annotations

Branches:
Dungeon (2/15)

Altars:


Innate Abilities, Weirdness & Mutations

You are under a permanent stasis effect.
You can dig through walls and to a lower floor.
Your four strong arms can wield two-handed weapons with a shield.
You have a pair of large antennae on your head (SInv).


Message History

The giant cockroach bites you but does no damage.
The gnoll hits you but does no damage.
You feel a strange sense of stasis.
You hit the gnoll.
The gnoll is almost dead.
The giant cockroach bites you but does no damage.
The gnoll hits you with a whip of distortion.
Space bends around you.
The giant cockroach bites you but does no damage.
You barely miss the gnoll.
The gnoll is almost dead.
The gnoll hits you with a whip of distortion.
Space bends around you.
The giant cockroach bites you but does no damage.
You hit the gnoll but do no damage.
The gnoll is almost dead.
You block the giant cockroach's attack.
The gnoll hits you with a whip of distortion!
* * * LOW HITPOINT WARNING * * *
Space bends around you.
You die...

..........##........<......
###...)....#.............#
###.....................)#
..####......#.........#
....#...#...#.........# {
##......##......).)...#
##(##......##.........#
......##........gs....##
##).######....#.@#.....###
###.# #........#####...#####
#
#.#####.#......###..<......#
#
#.#.................########
# #.........##.###..###
###.......###..# ##.#
#...รท.#####...## #.#
..#....# #.### # #....#.#
#.#


You could see a gnoll and a giant cockroach.

Vanquished Creatures
  Jessica (D:2)
  A giant gecko (D:1)
  4 bats
  A giant cockroach (D:1)
  3 kobolds
  4 goblins
  5 rats
19 creatures vanquished.

Notes
Turn   | Place    | Note
--------------------------------------------------------------
     0 | D:1      | Murumi the Formicid Fighter began the quest for the Orb.
     0 | D:1      | Reached XP level 1. HP: 18/18 MP: 1/1
   222 | D:1      | Reached skill level 4 in Shields
   237 | D:1      | Reached XP level 2. HP: 24/24 MP: 2/2
   977 | D:2      | Noticed Jessica
  1198 | D:2      | Killed Jessica
  1198 | D:2      | Reached XP level 3. HP: 29/29 MP: 3/3
  1270 | D:2      | Slain by a gnoll

Vault maps used:
D:1:      dpeg_arrival_chase
D:2:      first_bread, uniq_jessica

Skill      XL: |  1  2 |
---------------+-------+-----
Shields        | 4 |  4.1
Long Blades    | 3 |  3.5
Fighting       | |  3.2
Armour         | |  3.2

Action                   || total
-------------------------++-------
Melee: Long sword        ||    56
       Unarmed           ||    12
  Use: Scroll            ||     6
  Eat: Chunk             ||     1
Armor: Scale mail        ||    34
Dodge: Dodged            ||    27
Block: Shield            ||    33
